 Dungeon Crawl Stone Soup version 0.22-a0-824-g1ca9aab89c (console) character file.

81 Lexodia the Ruffian (level 4, -2/44 HPs)
             Began as a Troll Fighter on July 24, 2018.
             Slain by an ogre
             ... wielding a +0 giant spiked club
              (27 damage)
             ... on level 3 of the Dungeon.
             The game lasted 00:02:30 (1828 turns).

Lexodia the Ruffian (Troll Fighter)                 Turns: 1828, Time: 00:02:31

Health: -2/44      AC:  5    Str: 25    XL:     4   Next: 19%
Magic:  3/3        EV:  8    Int:  4    God:
Gold:   76         SH:  9    Dex:  9    Spells: 3/3 levels left

rFire    . . .     SeeInvis +     - Unarmed
rCold    . . .     Gourm    +   b - +0 shield
rNeg     . . .     Faith    .   a - +0 robe
rPois    .         Spirit   .   (helmet restricted)
rElec    .         Reflect  .   (no cloak)
rCorr    .         Harm     .   (gloves unavailable)
MR       .....                  (boots unavailable)
Stlth    +.........             n - amulet of rage
HPRegen  0.54/turn              k - ring of see invisible
MPRegen  0.08/turn              (no ring)

@: no status effects
A: large, unfitting armour, claws 3, fast metabolism 3, gourmand, regeneration
1, shaggy fur 1, tough skin 2
a: Evoke Berserk Rage


You were on level 3 of the Dungeon.
You were very full.

You visited 1 branch of the dungeon, and saw 3 of its levels.

You collected 76 gold pieces.

Inventory:

Armour
 a - a +0 robe (worn)
 b - a +0 shield (worn)
Jewellery
 f - an uncursed amulet of the gourmand
 k - a ring of see invisible (left claw)
 n - an amulet of rage (around neck)
Scrolls
 e - a scroll of magic mapping {unknown}
 g - 3 scrolls of identify {unknown}
 h - 4 scrolls of remove curse {unknown}
 i - a scroll of enchant weapon {unknown}
 l - 3 scrolls of teleportation {unknown}
 m - a scroll of random uselessness {unknown}
 o - 2 scrolls of amnesia {unknown}
Potions
 c - a potion of might
 j - a potion of haste {unknown}
Comestibles
 d - 6 rations


   Skills:
 + Level 2.8 Fighting
 + Level 2.8 Dodging
 + Level 2.8 Shields
 * Level 3.1 Unarmed Combat
 + Level 0.1 Evocations


You had 3 spell levels left.
You didn't know any spells.
Your spell library was empty.

Dungeon Overview and Level Annotations

Branches:
Dungeon (3/15)

Altars:
Uskayaw


Innate Abilities, Weirdness & Mutations

You are too large for most types of armour.
You have claws for hands.
Your metabolism is lightning-fast.
You like to eat raw meat.
Your natural rate of healing is unusually fast.
You are covered in fur. (AC +1)
You have very tough skin. (AC +2)


Message History

The kobold hits you but does no damage.
You scratch the kobold but do no damage.
You block the kobold's attack.
You barely miss the kobold. The kobold hits you but does no damage.
You closely miss the kobold. The kobold hits you with a whip.
Damage: -9%(-4hp) hp: 91%(40hp)
You claw the kobold!
You kill the kobold!
You barely miss the ogre. The ogre hits you but does no damage.
You barely miss the ogre. You scratch the ogre.
The ogre is lightly wounded.
The ogre hits you with a giant spiked club!
Huge Dmg: -37%(-16hp) hp: 57%(25hp) Unknown command.
You barely miss the ogre.
The ogre is lightly wounded.
The ogre hits you with a giant spiked club!!
Ouch! That really hurt!
You die...

). . #.
#.##
#...
+...
##..O##
#...)@#
#.#####


You could see an ogre.

Vanquished Creatures
  3 adders (D:2)
  An ooze (D:1)
  A worm (D:2)
  4 orcs (D:3)
  5 bats
  2 giant cockroaches (D:2)
  6 goblins
  4 hobgoblins
  6 kobolds
  2 quokkas (D:2)
  3 frilled lizards
  5 rats
42 creatures vanquished.

Notes
Turn   | Place    | Note
-------+----------+-------------------------------------------
     0 | D:1      | Lexodia the Troll Fighter began the quest for the Orb.
     0 | D:1      | Reached XP level 1. HP: 22/22 MP: 0/0
   321 | D:1      | Reached XP level 2. HP: 29/29 MP: 1/1
   652 | D:1      | Huge Dmg: 7 dmg
  1000 | D:2      | Found a hide-covered altar of Uskayaw.
  1056 | D:2      | Reached XP level 3. HP: 30/36 MP: 2/2
  1084 | D:2      | Huge Dmg: 4 dmg
  1092 | D:2      | Huge Dmg: 2 dmg
  1310 | D:2      | Reached skill level 3 in Unarmed Combat
  1405 | D:2      | Reached XP level 4. HP: 44/44 MP: 3/3
  1814 | D:3      | Noticed an ogre
  1828 | D:3      | Huge Dmg: 16 dmg
  1828 | D:3      | Slain by an ogre

Vault maps used:
D:1:      minmay_arrival_plants_in_alcoves
D:2:      lemuel_round_altar
D:3:      first_ration, ebering_ghost_disaster_area, uniq_sigmund, uniq_ijyb

Skill      XL: |  1  2  3 |
---------------+----------+-----
Unarmed Combat | 3 |  3.1
Fighting       | |  2.8
Dodging        | |  2.8
Shields        | |  2.8
Evocations     | |  0.1

Action                   |  1- 3 |  4- 6 || total
-------------------------+-------+-------++-------
Melee: Unarmed           |   135 |    26 ||   161
 Stab: Sleeping          |     1 |       ||     1
  Eat: Chunk             |    17 |     3 ||    20
Armor: Robe              |    39 |     6 ||    45
Dodge: Dodged            |    39 |     8 ||    47
Block: Shield            |    61 |     8 ||    69

Table legend:
 A = Spawn XP
 B = Non-spawn XP
 C = Spawn XP percentage of total XP
 D = Spawn monster count
 E = Non-spawn monster count
 F = Spawn count percentage of total count
 G = Total turns spent on level
                    A         B        C        D         E        F      G
               +---------+---------+-------+---------+---------+-------+---------
         Total |       0 |     116 |   0.0 |       0 |      42 |   0.0 |  1828
               +---------+---------+-------+---------+---------+-------+---------
           D:1 |       0 |      32 |   0.0 |       0 |      17 |   0.0 |   870
           D:2 |       0 |      70 |   0.0 |       0 |      20 |   0.0 |   936
           D:3 |       0 |      14 |   0.0 |       0 |       5 |   0.0 |    22
               +---------+---------+-------+---------+---------+-------+---------
